 Dungeon Crawl Stone Soup version 0.27-a0-1177-g245c70e1c0 (webtiles) character file.

Game seed: 2681930732720823570

128217 Glokmah the Blocker (level 16, -14/130 HPs)
             Began as a Demonspawn Artificer on May 16, 2021.
             Was the Champion of Wu Jian.
             Killed by an exploding bloated husk (45 damage)
             ... on level 2 of the Swamp.
             The game lasted 01:40:59 (34868 turns).

Glokmah the Blocker (Demonspawn Artificer)         Turns: 34868, Time: 01:40:59

Health: -14/130    AC: 27    Str: 16    XL:     16   Next: 47%
Magic:  0/20       EV: 15    Int: 23    God:    Wu Jian [******]
Gold:   1443       SH: 10    Dex: 16    Spells: 1/21 levels left

rFire    . . .     SeeInvis .   b - +8 short sword of Tenacity {speed, Fly rN+ Int+7}
rCold    + + .     Faith    .   U - +2 buckler {AC+3}
rNeg     + + .     Spirit   +   q - +5 leather armour "Paodefi" {rCorr Int+2}
rPois    +         Reflect  .   (helmet restricted)
rElec    +         Harm     .   N - +2 cloak {Will+}
rCorr    +         Rampage  .   z - +1 pair of gloves of the Solstice {rPois}
Will     +++..                  (no boots)
Stlth    ++++......             (no amulet)
HPRegen  0.31/turn              h - ring of Alijuace {Drain rElec rC++ rN+ Will+}
MPRegen  0.34/turn              O - ring of the Tortoise {AC+8}

@: exhausted, flying
A: antennae 1, icy blue scales 2, spiny 3, magic shield, magic regeneration,
corrupting presence 1
a: Renounce Religion, Wall Jump, Serpent's Lash, Heavenly Storm


You were on level 2 of the Swamp.
You worshipped Wu Jian.
Wu Jian was exalted by your worship.
You visited 4 branches of the dungeon, and saw 25 of its levels.
You also visited: Bailey and Gauntlet.

You collected 3935 gold pieces.
You spent 2492 gold pieces at shops.

Inventory:

Hand Weapons
 a - a +2 dagger of venom
 b - the +8 short sword of Tenacity (weapon) {speed, Fly rN+ Int+7}
   (You found it in a Gauntlet)

   Attacks with this weapon are significantly faster.
   It affects your intelligence (+7).
   It protects you from negative energy.
   It grants you flight.
 i - the +8 falchion "Xelueceuf" {vorpal, Str+2}
   (You found it on level 7 of the Dungeon)

   It inflicts extra damage upon your enemies.
   It affects your strength (+2).
 n - a +0 antimagic short sword
 w - the +12 hand crossbow "Dubluecs" {flame, rElec rC+ Dex+3}
   (You acquired it on level 2 of the Orcish Mines)

   It causes projectiles fired from it to burn those they strike, causing extra
   injury to most foes and up to half again as much damage against particularly
   susceptible opponents.
   It affects your dexterity (+3).
   It protects you from cold.
   It insulates you from electricity.
 W - a +6 dagger
Missiles
 f - 243 bolts
 k - 92 poisoned darts (quivered)
 s - 2 throwing nets
 K - 5 boomerangs of dispersal
 R - 24 javelins
 X - 106 boomerangs
Armour
 p - a +2 kite shield
 q - the +5 leather armour "Paodefi" (worn) {rCorr Int+2}
   (You found it on level 4 of the Dungeon)

   It affects your intelligence (+2).
   It protects you from acid and corrosion.
 z - the +1 pair of gloves of the Solstice (worn) {rPois}
   (You acquired it on level 6 of the Dungeon)

   It protects you from poison.
 N - a +2 cloak of willpower (worn)
 U - a +2 buckler of protection (worn)
Jewellery
 h - the ring of Alijuace (left hand) {Drain rElec rC++ rN+ Will+}
   (You bought it in a shop on level 3 of the Dungeon)

   [ring of positive energy]

   It greatly protects you from cold.
   It insulates you from electricity.
   It protects you from negative energy.
   It drains your maximum health when unequipped.
   It increases your willpower.
 A - a +6 ring of strength
 D - a ring of magical power
 J - a ring of willpower
 O - the ring of the Tortoise (right hand) {AC+8}
   (You found it in a Gauntlet)

   [ring of protection]

   It affects your AC (+8).
 P - a ring of protection from fire
Wands
 c - a wand of flame (63)
 d - a wand of charming (21)
 j - a wand of acid (8)
 y - a wand of iceblast (23)
 E - a wand of paralysis (9)
 G - a wand of mindburst (33)
Scrolls
 o - a scroll of blinking
 H - 2 scrolls of magic mapping
 I - a scroll of vulnerability
 L - 4 scrolls of teleportation
 M - a scroll of torment
 Q - 2 scrolls of fear
 S - 4 scrolls of amnesia
 T - 2 scrolls of noise
Potions
 g - 6 potions of heal wounds
 l - 3 potions of haste
 m - 14 potions of curing
 r - 4 potions of might
 t - 5 potions of lignification
 u - a potion of resistance
 v - a potion of berserk rage
 x - a potion of ambrosia
 B - 4 potions of attraction
 C - 7 potions of brilliance
 F - 4 potions of invisibility
 V - 4 potions of magic
 Y - 6 potions of mutation
 Z - 3 potions of cancellation
Miscellaneous
 e - a piece from Xom's chessboard (15/15)


   Skills:
 + Level 13.1 Fighting
 - Level 12.0 Short Blades
 - Level 0.1 Maces & Flails
 * Level 4.1 Armour
 - Level 7.1 Dodging
 - Level 9.0 Stealth
 * Level 13.6 Shields
 - Level 3.0 Spellcasting
 - Level 4.0 Conjurations
 - Level 12.0 Hexes
 * Level 1.6 Transmutations
 - Level 3.0 Ice Magic
 - Level 5.0 Evocations


You had one spell level left.
You knew the following spells:

 Your Spells              Type           Power      Damage    Failure   Level
a - Searing Ray           Conj           42%        3d4       4%          2
b - Wereblood             Tmut           11%        N/A       11%         2
c - Dazzling Flash        Conj/Hex       80%        N/A       1%          3
d - Ensorcelled Hibernat  Hex/Ice        74%        N/A       1%          2
e - Cause Fear            Hex            27%        N/A       1%          4
f - Confusing Touch       Hex            55%        N/A       1%          3
g - Tukima's Dance        Hex            55%        N/A       1%          3
h - Magic Dart            Conj           84%        1d7       2%          1

Your spell library contained the following spells:

 Spells                   Type           Power      Damage    Failure   Level
 Corona                   Hex            61%        N/A       1%          1
 Animate Skeleton         Necr           6%         N/A       14%         1
 Apportation              Tloc           6%         N/A       14%         1
 Sandblast                Erth           6%         2d5       14%         1
 Summon Small Mammal      Summ           12%        N/A       14%         1
 Slow                     Hex            55%        N/A       1%          2
 Inner Flame              Hex/Fire       31%        N/A       3%          3
 Portal Projectile        Hex/Tloc       62%        N/A       3%          3
 Summon Guardian Golem    Hex/Summ       31%        N/A       3%          3
 Fulminant Prism          Conj/Hex       20%        3d13      4%          4
 Leda's Liquefaction      Hex/Erth       15%        N/A       12%         4
 Passwall                 Tmut/Erth      5%         N/A       14%         2
 Stone Arrow              Conj/Erth      24%        3d8       19%         3
 Call Imp                 Summ           3%         N/A       21%         2
 Call Canine Familiar     Summ           3%         N/A       38%         3
 Iskenderun's Mystic Bla  Conj/Tloc      12%        2d5       52%         4
 Summon Ice Beast         Ice/Summ       10%        N/A       58%         4
 Iskenderun's Battlesphe  Conj           21%        2d7       58%         5
 Petrify                  Tmut/Erth      7%         N/A       67%         4
 Animate Armour           Summ/Erth      6%         N/A       80%         4
 Animate Dead             Necr           1%         N/A       80%         4
 Summon Lightning Spire   Summ/Air       3%         N/A       80%         4
 Bolt of Magma            Conj/Fire/Erth 4%         4d5       92%         5
 Borgnjor's Vile Clutch   Necr/Erth      1%         N/A       98%         5
 Lee's Rapid Deconstruct  Erth           1%         3d5*      98%         5
 Summon Forest            Summ/Tloc      1%         N/A       98%         5
 Death Channel            Necr           1%         N/A       100%        6
 Iron Shot                Conj/Erth      6%         9d2       100%        6
 Simulacrum               Ice/Necr       5%         N/A       100%        6
 Statue Form              Tmut/Erth      4%         N/A       100%        6
 Orb of Destruction       Conj           10%        9d5       100%        7
 Spellforged Servitor     Conj/Summ      6%         N/A       100%        7
 Shatter                  Erth           1%         3d6*      100%        9


Dungeon Overview and Level Annotations

Branches:
Dungeon (15/15)            Temple (0/1) D:6            Lair (6/6) D:9
  Swamp (2/4) Lair:2        Snake (0/4) Lair:3        Slime (0/5) Lair:5
    Orc (2/2) D:10            Elf (0/3) Orc:2        Vaults (0/5) D:13
 Depths (0/5) D:15         Bailey (visited)         Gauntlet (visited)

Altars:
Ashenzari
Gozag
Hepliaklqana
Nemelex Xobeh
Okawaru
Sif Muna
Wu Jian
Zin
The Shining One

Shops:
D:1 *(   D:3 **=   D:6 ?   D:10 ([   D:11 (   Orc:2 *(((

Portals:
Trove: D:13 (give +5 demon trident)

Annotations:
D:11 2 runed translucent doors, Wimumef's ghost, journeyman DECj


Innate Abilities, Weirdness & Mutations

You have a pair of small antennae on your head.
You are mostly covered in icy blue scales. (AC +3)
You are completely covered in sharp spines.
When hurt, damage is shared between your health and your magic reserves.
You regenerate magic rapidly.
Your presence sometimes corrodes those you injure.


Message History

The tyrant leech is lightly wounded.
You hit the tyrant leech.
The tyrant leech is moderately wounded.
The foxfire hits you!
* * * LOW HITPOINT WARNING * * *
The foxfire hits you!
* * * LOW HITPOINT WARNING * * *
The tyrant leech is struck by your spines.
The tyrant leech misses you. The spriggan rider closely misses you.
You feel much better.
Your surroundings suddenly seem different.
A spriggan druid comes into view. It is wielding a +0 quarterstaff.
The spriggan druid shouts!
A spriggan comes into view.
It is wielding a +0 short sword of speed.
The spriggan shouts!
A will-o-the-wisp comes into view.
The will-o-the-wisp gives a chilling moan.
A spriggan rider comes into view. It is wielding a +0 spear.
The will-o-the-wisp blinks!
A spriggan comes into view. It is wielding a +0 short sword.
Found a scroll of vulnerability.
Found an escape hatch in the ceiling.
A bloated husk comes into view.
You are too exhausted to lash out.
You spin and attack the will-o-the-wisp repeatedly.
The spriggan rider shouts!
You puncture the will-o-the-wisp! corrodes the will-o-the-wisp!
The will-o-the-wisp is lightly damaged.
You puncture the will-o-the-wisp!
The will-o-the-wisp is moderately damaged.
You puncture the will-o-the-wisp!
The will-o-the-wisp is severely damaged.
The will-o-the-wisp is struck by your spines.
You destroy the will-o-the-wisp!
The Council accepts your kill.
Found a robe.
You lunge at the bloated husk, in a flurry of attacks.
You barely miss the bloated husk. x2
The bloated husk explodes!
The blast of putrescent gases engulfs you!!!
You die...

..♣♣♣♣♣.≈§≈.≈.≈≈≈≈..♣♣
.≈≈.....≈≈i≈.....≈≈≈n♣
≈≈≈.≈≈≈≈i≈i≈......≈≈≈.♣
....§§≈≈≈.....≈...§≈...
....≈≈≈i≈♣≈?..♣ ≈≈...
...≈≈≈≈≈.≈....♣.≈≈≈≈§..♣
.≈≈≈≈.....≈...≈..≈≈≈§≈..
.≈≈≈.♣≈...§♣ ≈..♣≈.
.≈≈≈.≈.@.≈.♣ ≈..≈♣≈
♣≈≈≈≈..≈.≈.♣ ..≈...
♣♣.≈≈≈≈...≈♣ .§≈≈.≈
≈§..≈≈≈.♣♣♣♣ ♣.≈..≈
.[.≈≈≈≈≈♣ ♣♣♣≈..
§≈≈≈≈≈.≈♣ ♣≈.♣ .≈≈≈≈≈.♣♣
♣♣≈≈ ..≈≈≈≈.♣♣ ♣♣..
≈≈≈≈.≈. ♣♣♣♣.≈≈


You could see a spriggan rider and 2 spriggans.

Vanquished Creatures
  Jorgrun (D:15)
  Kirke (D:12)
  Agnes (D:15)
  An orc warlord (D:10)
  A ghoul (Swamp:1)
  A stone giant (D:15)
  Nessos (D:13)
  A minotaur (Gauntlet)
  A fire dragon (D:8)
  Snorg (D:10)
  An eleionoma (Swamp:1)
  Harold (D:9)
  13 hydras
  4 ogre magi (Orc:2)
  5 boulder beetles
  3 centaur warriors
  21 two-headed ogres
  2 alligators (Swamp:1)
  A ghost crab (Swamp:2)
  3 tengu warriors
  6 death yaks (Lair:6)
  Urug (D:13)
  Sonja (Lair:5)
  A sixfirhy (Gauntlet)
  3 skeletal warriors (D:13)
  4 goliath frogs (Swamp:1)
  A spriggan druid (Swamp:1)
  A flayed ghost (D:8)
  2 wizards (D:13)
  Pikel (D:9)
  An obsidian statue (Gauntlet)
  4 bog bodies
  2 deep elf pyromancers
  2 orc knights
  15 ugly things
  3 manticores
  4 cyclopes
  2 will-o-the-wisps
  An orc sorcerer (Orc:2)
  4 black mambas
  10 elephants
  An apocalypse crab (Gauntlet)
  2 gargoyles
  Maurice (D:10)
  10 cane toads
  5 rime drakes
  A minotaur zombie (Gauntlet)
  Psyche (D:10)
  An efreet (D:15)
  An unseen horror (D:10)
  7 komodo dragons
  4 kobold demonologists
  A guardian mummy (D:13)
  6 trolls
  10 hornets
  12 polar bears
  7 slime creatures
  2 tyrant leeches (Swamp:1)
  12 dream sheep
  16 blink frogs
  A meliai zombie (D:10)
  3 shadows
  A centaur simulacrum (D:14)
  A wraith (D:12)
  18 spriggans
  6 wyverns
  A hog (D:12)
  34 yaks
  A steam dragon (D:7)
  3 basilisks
  Grum (Lair:1)
  6 vampire mosquitoes
  2 wargs
  Edmund (D:6)
  5 swamp worms
  An acid dragon (D:8)
  16 water moccasins
  A swamp drake (Swamp:2)
  6 black bears
  32 orc warriors
  2 sky beasts
  8 boggarts
  31 ogres
  3 necrophages
  6 centaurs
  23 wolves
  3 lemures (D:9)
  A phantom (D:5)
  5 kobold brigands
  17 bullfrogs
  4 scorpions
  3 gnoll sergeants
  A water moccasin skeleton (D:5)
  12 killer bees
  5 wights
  3 howler monkeys
  A centaur zombie (D:6)
  A hound (D:6)
  2 jellies
  13 orc priests
  A gnoll shaman (D:7)
  3 iguanas
  2 bullfrog skeletons (D:7)
  A centaur skeleton (D:4)
  Jessica (D:2)
  Natasha (thrice) (D:2)
  34 orc wizards
  2 killer bee zombies
  A hound zombie (D:5)
  A hound skeleton (D:4)
  2 howler monkey skeletons
  10 adders
  29 gnolls
  A shadow imp (D:5)
  4 ufetubi (Gauntlet)
  An adder skeleton (D:4)
  2 worms
  3 dart slugs
  84 orcs
  3 ball pythons
  8 bats
  5 endoplasms
  4 giant cockroaches
  8 goblins
  14 hobgoblins
  14 jackals
  36 kobolds
  4 quokkas
  5 frilled lizards
  A quokka skeleton (D:4)
  2 rats
806 creatures vanquished.

Vanquished Creatures (collateral kills)
  A gnoll (Bailey)
1 creature vanquished.

Vanquished Creatures (others)
  2 bloated husks
  A jackal (D:1)
  A fire vortex (Lair:6)
  12 foxfires
  31 fungi
  49 plants
  21 withered plants (Gauntlet)
117 creatures vanquished.

Grand Total: 924 creatures vanquished

Notes
Turn   | Place    | Note
-------+----------+-------------------------------------------
     0 | D:1      | Glokmah the Demonspawn Artificer began the quest for the
                  | Orb.
     0 | D:1      | Reached XP level 1. HP: 15/15 MP: 1/1
   276 | D:1      | You fall into a shaft and drop 1 floor!
   294 | D:2      | Gained mutation: You are partially covered in sharp spines.
                  | [demonic ancestry]
   294 | D:2      | Reached XP level 2. HP: 12/21 MP: 2/2
   294 | D:2      | Noticed Jessica
   344 | D:2      | Killed Jessica
   345 | D:2      | Reached skill level 1 in Dodging
   345 | D:2      | Gained mutation: You regenerate magic rapidly. [demonic
                  | ancestry]
   345 | D:2      | Reached XP level 3. HP: 19/26 MP: 3/3
   447 | D:1      | Found Utifomix's Antique Weapon Emporium.
   621 | D:1      | Learned a level 2 spell: Searing Ray
   622 | D:1      | Found Nuylin's Assorted Antiques.
  1505 | D:2      | Reached skill level 1 in Conjurations
  1505 | D:2      | Gained mutation: You are mostly covered in sharp spines.
                  | [demonic ancestry]
  1505 | D:2      | Reached XP level 4. HP: 29/32 MP: 4/4
  1511 | D:2      | Found a faded altar of an unknown god.
  1781 | D:2      | Became a worshipper of the Wu Jian Council
  1781 | D:2      | Reached * piety under Wu Jian
  2269 | D:2      | Noticed Natasha
  2276 | D:2      | Killed Natasha
  2343 | D:2      | Reached skill level 1 in Spellcasting
  2370 | D:2      | Noticed Natasha
  2380 | D:2      | Killed Natasha
  2381 | D:2      | Gained mutation: When hurt, damage is shared between your
                  | health and your magic reserves. [demonic ancestry]
  2381 | D:2      | Reached XP level 5. HP: 32/38 MP: 6/6
  2573 | D:2      | Noticed Natasha
  2581 | D:2      | Killed Natasha
  2832 | D:3      | Found Dadyas's General Store.
  2905 | D:3      | Found Wupn's Assorted Antiques.
  2919 | D:3      | Reached ** piety under Wu Jian
  3063 | D:3      | Learned a level 1 spell: Magic Dart
  3118 | D:3      | Reached skill level 1 in Short Blades
  3118 | D:3      | Reached XP level 6. HP: 41/44 MP: 1/8
  3380 | D:3      | Found Jozxef's Jewellery Shoppe.
  3502 | D:4      | Identified a scroll of acquirement
  3502 | D:4      | Acquired 1125 gold pieces
  3566 | D:3      | Bought the ring of Alijuace {Drain rElec rC++ rN+ Will+}
                  | for 721 gold pieces
  3859 | D:4      | Reached skill level 5 in Evocations
  3859 | D:4      | Gained mutation: You have a pair of small antennae on your
                  | head. [demonic ancestry]
  3859 | D:4      | Reached XP level 7. HP: 44/51 MP: 10/10
  4068 | D:4      | Identified the +5 leather armour "Paodefi" {rCorr Int+2}
  4298 | D:5      | Entered Level 5 of the Dungeon
  4330 | D:5      | Reached *** piety under Wu Jian
  4793 | D:5      | Gained mutation: You are partially covered in icy blue
                  | scales. (AC +2) [demonic ancestry]
  4793 | D:5      | Reached XP level 8. HP: 54/60 MP: 9/12
  5562 | D:6      | Found an ornate altar of the Wu Jian Council.
  5623 | D:6      | Reached skill level 5 in Short Blades
  5686 | D:6      | Reached skill level 1 in Shields
  5878 | D:6      | Found a broken altar of Ashenzari.
  5883 | D:6      | Found an iron altar of Okawaru.
  5884 | D:6      | Found an opulent altar of Gozag.
  5913 | D:6      | Noticed Edmund
  5931 | D:6      | Killed Edmund
  6049 | D:6      | Found a staircase to the Ecumenical Temple.
  6057 | D:6      | Found Cuehaip's Magic Scroll Emporium.
  6079 | D:6      | Bought a scroll of acquirement for 780 gold pieces
  6081 | D:6      | Acquired the +1 pair of gloves of the Solstice {rPois}
  6394 | D:7      | Reached skill level 5 in Fighting
  6489 | D:7      | Gained mutation: You are completely covered in sharp
                  | spines. [demonic ancestry]
  6489 | D:7      | Reached XP level 9. HP: 63/68 MP: 11/13
  6518 | D:7      | Identified the +8 falchion "Xelueceuf" {vorpal, Str+2}
  7011 | D:7      | Reached **** piety under Wu Jian
  7940 | D:8      | Found a transporter.
  7940 | D:8      | Noticed a fire dragon
  7940 | D:8      | Noticed a flayed ghost
  7947 | D:8      | Noticed a four-headed hydra
  7952 | D:8      | Noticed a tengu warrior
  7953 | D:8      | Noticed a six-headed hydra
  8034 | D:8      | Found a transporter.
  8440 | D:8      | Found a sparkling altar of Nemelex Xobeh.
  8482 | D:8      | Reached XP level 10. HP: 76/76 MP: 12/14
  8744 | D:8      | Learned a level 3 spell: Dazzling Flash
  9018 | D:9      | Paralysed by a hornet for 3 turns
  9054 | D:9      | Noticed Pikel
  9285 | D:9      | Reached skill level 5 in Dodging
  9314 | D:9      | Learned a level 2 spell: Ensorcelled Hibernation
  9536 | D:9      | Noticed Harold
  9559 | D:9      | Killed Harold
  9560 | D:9      | Reached skill level 5 in Shields
 10064 | D:9      | Killed Pikel
 10151 | D:9      | Noticed a two-headed ogre
 10175 | D:9      | Killed a two-headed ogre
 10306 | D:9      | Gained mutation: Your presence sometimes corrodes those you
                  | injure. [demonic ancestry]
 10306 | D:9      | Reached XP level 11. HP: 43/84 MP: 9/15
 10446 | D:9      | Found a staircase to the Lair.
 10710 | D:9      | Found a hazy altar of Hepliaklqana.
 10900 | Lair:1   | Entered Level 1 of the Lair of Beasts
 11438 | Lair:1   | Noticed Grum
 11445 | Lair:1   | Reached ***** piety under Wu Jian
 11456 | Lair:1   | Killed Grum
 11772 | Lair:1   | Reached skill level 10 in Short Blades
 12456 | Lair:2   | Reached skill level 1 in Hexes
 12461 | Lair:2   | Reached skill level 1 in Ice Magic
 12677 | Lair:2   | Noticed a bog body
 12678 | Lair:2   | Found a staircase to the Swamp.
 12678 | Lair:2   | Noticed a bog body
 12725 | Lair:2   | Noticed a seven-headed hydra
 12742 | Lair:2   | Killed a seven-headed hydra
 13084 | Lair:2   | Killed a bog body
 13101 | Lair:2   | Killed a bog body
 13441 | Lair:2   | Noticed an eight-headed hydra
 13969 | Lair:2   | Killed an eight-headed hydra
 13970 | Lair:2   | Reached XP level 12. HP: 51/94 MP: 5/16
 14433 | Lair:3   | Found a gate leading to a gauntlet.
 14447 | Lair:3   | Reached skill level 1 in Stealth
 14465 | Gauntlet | Entered a Gauntlet
 14465 | Gauntlet | Found a transporter.
 14465 | Gauntlet | Found a transporter.
 14852 | Gauntlet | Found a transporter.
 14867 | Gauntlet | Found a transporter.
 14883 | Gauntlet | Found a transporter.
 14896 | Gauntlet | Found a transporter.
 14914 | Gauntlet | Found the ring of the Tortoise {AC+8}
 14915 | Gauntlet | Found a transporter.
 14987 | Gauntlet | Found a transporter.
 14998 | Gauntlet | Found a transporter.
 15001 | Gauntlet | Noticed a ghost crab
 15006 | Gauntlet | Noticed a quicksilver ooze
 15018 | Gauntlet | Found a transporter.
 15025 | Gauntlet | Found a transporter.
 15104 | Gauntlet | Found a transporter.
 15116 | Gauntlet | Found a transporter.
 15123 | Gauntlet | Found the +3 sling "Punk" {acid, rCorr}
 15124 | Gauntlet | Found a transporter.
 15148 | Gauntlet | Found a transporter.
 15158 | Gauntlet | Found a transporter.
 15467 | Gauntlet | Identified the +8 short sword of Tenacity {speed, Fly rN+
                  | Int+7}
 15613 | Gauntlet | Reached skill level 5 in Hexes
 15722 | Gauntlet | Noticed a minotaur
 15750 | Gauntlet | Killed a minotaur
 15883 | Gauntlet | Identified the +3 plate armour of the Moon {rPois rN+ Will+
                  | Int-5}
 16507 | Lair:3   | Found a staircase to the Snake Pit.
 16619 | Lair:3   | Noticed a five-headed hydra
 16891 | Lair:3   | Killed a five-headed hydra
 17080 | Lair:3   | You are sucked into a shaft and drop 2 floors!
 17083 | Lair:5   | Noticed a four-headed hydra
 17104 | Lair:5   | Killed a four-headed hydra
 17105 | Lair:5   | Reached skill level 5 in Stealth
 17203 | Lair:5   | Found a staircase to the Slime Pits.
 17472 | Lair:4   | Reached XP level 13. HP: 101/101 MP: 17/17
 18819 | Lair:5   | Noticed Sonja
 18828 | Lair:5   | Killed Sonja
 19106 | Lair:6   | Entered Level 6 of the Lair of Beasts
 19854 | Lair:6   | Reached skill level 10 in Fighting
 20972 | Lair:6   | Gained mutation: You are mostly covered in icy blue scales.
                  | (AC +3) [demonic ancestry]
 20972 | Lair:6   | Reached XP level 14. HP: 110/110 MP: 18/18
 21881 | Lair:6   | Identified the Compendium of Supportive Shape Shifting
 21891 | Lair:6   | Learned a level 4 spell: Cause Fear
 21895 | Lair:6   | Learned a level 3 spell: Confusing Touch
 22054 | Lair:6   | Learned a level 3 spell: Tukima's Dance
 22447 | D:10     | Entered Level 10 of the Dungeon
 22449 | D:10     | Noticed Snorg
 22464 | D:10     | Killed Snorg
 22468 | D:10     | Found a flagged portal.
 22556 | Bailey   | Entered a bailey
 22893 | D:10     | Found Umiol's Weapon Shop.
 22895 | D:10     | Found a staircase to the Orcish Mines.
 22896 | D:10     | Found Donodap's Armour Shop.
 22911 | D:10     | Reached ****** piety under Wu Jian
 22929 | D:10     | Bought a +1 cloak of willpower for 231 gold pieces
 22988 | D:10     | Noticed Psyche
 22994 | D:10     | Killed Psyche
 23523 | D:10     | Noticed Maurice
 23544 | D:10     | Killed Maurice
 23881 | Orc:1    | Entered Level 1 of the Orcish Mines
 23891 | Orc:1    | Noticed an orc warlord
 24138 | D:10     | Killed an orc warlord
 24138 | D:10     | Reached skill level 10 in Hexes
 24810 | Orc:1    | Found a shimmering blue altar of Sif Muna.
 24870 | Orc:2    | Entered Level 2 of the Orcish Mines
 25074 | Orc:2    | Found Tosuh's Weapon Shop.
 25074 | Orc:2    | Found Buagusch's Antique Weapon Shoppe.
 25074 | Orc:2    | Found Orphytt's General Store.
 25074 | Orc:2    | Found Utym's Antique Weapon Shop.
 25103 | Orc:2    | Reached skill level 10 in Shields
 25131 | Orc:2    | Reached XP level 15. HP: 59/119 MP: 16/19
 25393 | Orc:2    | Bought a scroll of enchant armour for 112 gold pieces
 25394 | Orc:2    | Acquired the +12 hand crossbow "Dubluecs" {flame, rElec rC+
                  | Dex+3}
 25611 | Orc:2    | Found a staircase to the Elven Halls.
 26362 | D:11     | Found Cannak's Antique Weapon Shoppe.
 26411 | D:11     | Learned a level 2 spell: Wereblood
 26675 | D:11     | Noticed Wimumef's ghost (journeyman DECj)
 26676 | D:11     | Noticed a lich
 26706 | D:11     | Found a runed translucent door.
 26735 | D:11     | Found a runed translucent door.
 27838 | D:12     | Noticed Kirke
 27853 | D:12     | Killed Kirke
 28671 | D:13     | Noticed Nessos
 28673 | D:13     | Killed Nessos
 29055 | D:13     | Noticed Urug
 29060 | D:13     | Killed Urug
 29121 | D:13     | Found a portal to a secret trove of treasure.
 29240 | D:13     | Found a gate to the Vaults.
 29834 | D:1      | Bought a metal-bound book for 405 gold pieces
 29834 | D:1      | Bought a scroll labelled EDWIEREOMI for 27 gold pieces
 29837 | D:1      | Bought a potion of heal wounds for 135 gold pieces
 29837 | D:1      | Bought a potion of curing for 81 gold pieces
 31268 | D:15     | Entered Level 15 of the Dungeon
 31304 | D:15     | Found a staircase to the Depths.
 32559 | D:15     | Noticed Jorgrun
 32563 | D:15     | Reached XP level 16. HP: 129/129 MP: 20/20
 32575 | D:15     | Killed Jorgrun
 32894 | D:15     | Noticed Agnes
 32922 | D:15     | Killed Agnes
 33684 | Swamp:1  | Entered Level 1 of the Swamp
 34589 | Swamp:1  | Reached skill level 1 in Transmutations
 34868 | Swamp:2  | Killed by an exploding bloated husk

Illustrated notes

Levels and vault maps discovered:
D:1:      dpeg_arrival_boxes_within_box, layout_basic, serial_shops, shop, shop
D:2:      layout_basic, basic_ecumenical_altar, uniq_jessica, uniq_natasha
D:3:      layout_rooms, serial_shops, nicolae_shop_stone,
          nicolae_shop_overgrown_old_shop, shop, serial_curves, eino_curves_04,
          eino_curves_03
D:4:      layout_rooms
D:5:      layout_loops_ring, kennysheep_nub
D:6:      layout_basic, kennysheep_mini_moat, minitemple,
          minmay_temple_entry_waves, serial_shops, shop, uniq_edmund
D:7:      layout_gridville, dk_noncrumbling_3, corexii_checkpoint_a
D:8:      gammafunk_sealed_arena, layout_cave_pools,
          nemelex_xobeh_ov_fountains_minmay, serial_column_ruins,
          column_ruins_pillar_4, column_ruins_pillar_9, column_ruins_pillar_3,
          column_ruins_pillar_2, column_ruins_pillar_2, column_ruins_pillar_4,
          column_ruins_pillar_6, column_ruins_pillar_1, column_ruins_pillar_3,
          column_ruins_pillar_2, column_ruins_pillar_2
D:9:      layout_basic, nzn_hepliaklqana_mist_gate,
          grunt_lair_entry_orc_guard_hut, uniq_harold, uniq_pikel
D:10:     layout_basic, orc_david_3, enter_bailey_5, uniq_maurice, uniq_psyche,
          uniq_snorg
D:11:     layout_loops_cross, muffindrake_ghost_dual_entry, serial_shops, shop
D:12:     layout_big_octagon, uniq_kirke
D:13:     layout_roguey, david_vaults_1, nicolae_trove_entry_path_of_doom,
          uniq_urug, uniq_nessos
D:14:     layout_roguey, grunt_decor_resistance
D:15:     grunt_enter_depths_giant_problem, layout_loops_ring,
          hangedman_decor_lopped, uniq_agnes, uniq_jorgrun
Lair:1:   layout_hall_layers, grunt_megastairs_4, uniq_grum
Lair:2:   layout_cave_pods, skrybe_swamp_entry_bodies, basic_altar,
          ldierk_geyser, grunt_megastairs_3, serial_bayou_shore_b
Lair:3:   layout_long_grid, guppyfry_snake_entry_island, gauntlet_entry_generic,
          cheibrodos_lair_lostbears
Lair:4:   layout_hall_layers
Lair:5:   layout_loops_ring, slime_dummy, uniq_sonja
Lair:6:   minmay_lair_end_enchanted_forest, layout_gridlike, minivault_25,
          serial_bayou_pond_b, grunt_megastairs_2, infiniplex_staircase_pool_2
Swamp:1:  layout_basic_swamp, hangedman_swamp_pad,
          nicolae_swamp_feature_on_the_river_bank
Swamp:2:  layout_basic_swamp, nicolae_swamp_bean_lake
Orc:1:    layout_diamond_mine, kennysheep_orc_sif_temple
Orc:2:    st_orc_ogre_mass, layout_caves

Skill      XL: |  1  2  3  4  5  6  7  8  9 10 11 12 13 14 15 16 |
---------------+-------------------------------------------------+-----
Armour         | 2 4 |  4.1
Dodging        | 1 2 4 5 7 |  7.1
Evocations     | 4 5 |  5.0
Conjurations   | 1 2 3 4 |  4.0
Spellcasting   | 1 2 3 |  3.0
Fighting       | 2 3 5 6 7 8 9 10 11 12 13 | 13.1
Short Blades   | 1 2 4 6 7 9 10 11 12 | 12.0
Shields        | 2 4 5 6 7 8 10 12 13 | 13.6
Hexes          | 4 6 8 11 12 | 12.0
Ice Magic      | 2 3 |  3.0
Stealth        | 5 7 9 |  9.0
Transmutations | 1 |  1.6
Maces & Flails | |  0.1

Action                   |  1- 3 |  4- 6 |  7- 9 | 10-12 | 13-15 | 16-18 || total
-------------------------+-------+-------+-------+-------+-------+-------++-------
Melee: Club              |    15 |       |       |       |       |       ||    15
       Short sword       |    52 |    45 |       |   197 |  2404 |   391 ||  3089
       Dagger            |       |    93 |   337 |   622 |       |       ||  1052
 Fire: Hand crossbow     |       |       |       |       |     3 |       ||     3
Throw: Dart              |       |       |       |    12 |       |       ||    12
 Cast: Searing Ray       |       |     6 |     9 |     7 |     2 |       ||    24
       Magic Dart        |       |     2 |     6 |     7 |       |       ||    15
       Ensorcelled Hiber |       |       |       |     5 |     8 |     4 ||    17
       Dazzling Flash    |       |       |       |       |    18 |     4 ||    22
       Tukima's Dance    |       |       |       |       |     1 |       ||     1
       Wereblood         |       |       |       |       |     2 |     2 ||     4
       Cause Fear        |       |       |       |       |     1 |     1 ||     2
Invok: Lunge             |       |    20 |    20 |    33 |   108 |    18 ||   199
       Whirlwind         |       |    38 |   120 |   216 |   360 |    41 ||   775
       Serpent's Lash    |       |       |       |     6 |     7 |     2 ||    15
       Heavenly Storm    |       |       |       |     1 |     1 |       ||     2
 Abil: Wall Jump         |       |     1 |     3 |     1 |       |       ||     5
Evoke: Wand              |     6 |     1 |       |     2 |       |       ||     9
       Piece from Xom's  |     3 |     1 |     2 |     1 |       |       ||     7
  Use: Scroll            |       |     9 |    10 |     8 |    15 |     1 ||    43
       Potion            |       |       |       |     2 |       |     1 ||     3
 Stab: Paralysed         |     6 |       |       |       |       |       ||     6
       Sleeping          |     1 |     2 |     1 |     3 |    40 |     9 ||    56
       Distracted        |       |       |     1 |       |     5 |     1 ||     7
       Invisible         |       |       |       |       |    25 |     5 ||    30
Armor: Leather armour    |    18 |    40 |    84 |   221 |   280 |    56 ||   699
Dodge: Dodged            |    52 |    58 |   134 |   349 |   498 |    77 ||  1168
Block: Buckler           |       |       |       |       |   317 |    67 ||   384

Table legend: (Time is in decaauts)
 A = Elapsed time spent in this place.
 B = Non-inter-level travel time spent in this place.
 C = Inter-level travel time spent in this place.
 D = Time resting spent in this place.
 E = Time spent auto-exploring this place.
 F = Levels seen in this place.
 G = Mean time per level.
                   A        B        C        D        E       F      G
               +--------+--------+--------+--------+--------+-----+--------+
         Total |  33781 |  30789 |   2992 |   7832 |  16636 |  27 | 1251.1 |
       Dungeon |  19941 |  17578 |   2363 |   4140 |   9953 |  15 | 1329.4 |
          Lair |   9612 |   9084 |    528 |   2873 |   4671 |   6 | 1602.0 |
         Swamp |   1092 |   1058 |     34 |    134 |    663 |   2 |  546.0 |
  Orcish Mines |   1407 |   1340 |     67 |     60 |    865 |   2 |  703.5 |
        Bailey |    259 |    259 |      0 |      8 |    104 |   1 |  259.0 |
      Gauntlet |   1469 |   1469 |      0 |    617 |    380 |   1 | 1469.0 |
               +--------+--------+--------+--------+--------+-----+--------+

Top non-repeatable levels by time:
    D:15: 2097 daAuts
  Lair:6: 2053 daAuts
    D:10: 1947 daAuts
  Lair:1: 1929 daAuts
     D:8: 1887 daAuts
  Lair:2: 1842 daAuts
     D:7: 1822 daAuts
  Lair:5: 1707 daAuts
     D:9: 1606 daAuts
Gauntlet: 1469 daAuts
     D:2: 1448 daAuts
  Lair:3: 1258 daAuts
     D:1: 1210 daAuts
     D:5: 1209 daAuts
    D:13: 1186 daAuts
